 Dungeon Crawl Stone Soup version 0.30.0-29-ga12c61a403 (webtiles) character file.

Game seed: 17920739759945647175

38 cheesebisquit the Shield-Bearer (level 3, -4/36 HPs)
             Began as a Troll Fighter on June 14, 2023.
             Slain by Natasha (6 damage)
             ... on level 2 of the Dungeon.
             The game lasted 00:02:36 (796 turns).

cheesebisquit the Shield-Bearer (Troll Fighter)      Turns: 796, Time: 00:02:36

Health: -4/36      AC:  4    Str: 24    XL:     3   Next: 25%
Magic:  2/2        EV:  8    Int:  6    God:
Gold:   117        SH:  7    Dex:  9    Spells: 2/2 levels left

rFire   . .          .
                       - Unarmed
rCold   . . .        b - +0 kite shield
rNeg    . . .        a - +0 robe
rPois   .            (helmet restricted)
rElec   .            (no cloak)
rCorr   .            (gloves unavailable)
SInv    .            (boots unavailable)
Will    +....        (no amulet)
Stlth   +            h - ring of willpower
HPRegen 1.06/turn    (no ring)
MPRegen 0.08/turn

%: no passive effects
@: mighty, slowed, very slow
A: large, unfitting armour, claws 3, regeneration 1, shaggy fur 1, tough skin 1
a: no special abilities


You were on level 2 of the Dungeon.
You visited 1 branch of the dungeon, and saw 2 of its levels.

You collected 117 gold pieces.

Inventory:

Hand Weapons
 i - a +2 dagger of electrocution
Armour
 a - a +0 robe (worn)
 b - a +0 kite shield (worn)
Jewellery
 h - a ring of willpower (left claw)
Scrolls
 e - a scroll of immolation {unknown}
 g - 2 scrolls of identify {unknown}
Potions
 c - a potion of might
 d - a potion of curing {unknown}
 f - a potion of flight {unknown}


   Skills:
 + Level 2.7 Fighting
 - Level 2.4 Dodging
 + Level 3.0 Shields
 * Level 3.0 Unarmed Combat


You had 2 spell levels left.
You didn't know any spells.
Your spell library contained the following spells:

 Spells                   Type           Power      Damage    Failure   Level
 Slow                     Hex            0%         N/A       73%         1
 Confusing Touch          Hex            0%         N/A       97%         3
 Vampiric Draining        Necr           0%         2d6       97%         3


Dungeon Overview and Level Annotations

Branches:
Dungeon (2/15)

Altars:

Shops:
D:2 [

Annotations:
D:2 Natasha


Innate Abilities, Weirdness & Mutations

You are too large for most types of armour.
You have claws for hands.
Your natural rate of healing is unusually fast.
You are covered in fur. (AC +1)
You have tough skin. (AC +1)


Message History

Natasha casts a spell at you.
You feel yourself slow down. You block the adder's attack.
You scratch Natasha but do no damage. The adder barely misses you.
Natasha closely misses you. You block the endoplasm's attack.
The adder bites you. Natasha claws you.
You closely miss Natasha. The adder bites you.
The endoplasm completely misses you.
Natasha stares at you and mumbles some strange words.
The magic dart hits you. The adder closely misses you.
The endoplasm hits you but does no damage.
You closely miss Natasha. You block Natasha's attack. The adder bites you.
The endoplasm hits you but does no damage.
The adder bites you.
You are poisoned.
The adder poisons you!
Natasha stares at you and mumbles some strange words.
You resist with almost no effort. The quokka closely misses you.
You claw Natasha!
Natasha is severely wounded.
You feel sick. The endoplasm completely misses you.
The adder barely misses you. You block the quokka's attack. Natasha claws you.
A ball python comes into view.
The endoplasm freezes you.
You are frozen.
The adder bites you but does no damage.
The quokka bites you but does no damage.
You are too injured to fight recklessly!
You are too injured to fight recklessly!
You are too injured to fight recklessly!
You are too injured to fight recklessly!
You feel very mighty all of a sudden.
You feel sick.
You are no longer poisoned.
Natasha claws you!
* * * LOW HITPOINT WARNING * * *
You block the adder's attack. You block the endoplasm's attack.
The quokka barely misses you. You block the adder's attack.
Natasha barely misses you.
The endoplasm hits you but does no damage.
Natasha attacks as you move away! Natasha claws you.
You die...

.##. .......... ....
.........# ....
.........# . .........#
##+####### .........#
..........### .........#
..........'.. ......rJ.#
..........### .....lh@.#
#........... ......S#.#
#...........
.......#$####...........
.......#....#####.....##
.......#.......##.....#
.......#..[...........+
#....#.#.S....[.......##
.....#.#.#..............
#.#.....###......


You could see Natasha, an adder, an endoplasm, a quokka, a ball python
(wandering) and a frilled lizard.

Vanquished Creatures
  2 ball pythons (D:1)
  A bat (D:1)
  8 endoplasms
  2 giant cockroaches (D:1)
  4 goblins
  A hobgoblin (D:1)
  4 jackals (D:1)
  A quokka (D:1)
  2 frilled lizards
  4 kobolds
  2 rats
31 creatures vanquished.

Notes
Turn   | Place    | Note
-------+----------+-------------------------------------------
     0 | D:1      | cheesebisquit the Troll Fighter began the quest for the
                  | Orb.
     0 | D:1      | Reached XP level 1. HP: 22/22 MP: 0/0
    70 | D:1      | Reached XP level 2. HP: 27/29 MP: 1/1
   387 | D:1      | Reached XP level 3. HP: 36/36 MP: 2/2
   674 | D:2      | Found Ikhat's Armour Shop.
   788 | D:2      | Noticed Natasha
   796 | D:2      | Slain by Natasha

Illustrated notes

Levels and vault maps discovered:
D:1:      denvon_arrival_planthouse, layout_rooms, minmay_split_cup_large
D:2:      minmay_angry_zag, layout_basic, serial_shops, shop,
          minmay_pentomino_p2, uniq_natasha

Skill      XL: |  1  2  3 |
---------------+----------+-----
Shields        | 3 |  3.0
Unarmed Combat | 3 |  3.0
Fighting       | |  2.7
Dodging        | |  2.4

Action                     || total
---------------------------++-------
  Melee: Unarmed           ||    85
    Use: Potion            ||     1
 Armour: Robe              ||    27
  Dodge: Dodged            ||    24
  Block: Kite shield       ||    31
